 Dungeon Crawl Stone Soup version 0.24-a0-378-g94936e539c (webtiles) character file.

Game seed: 7864733289730684690

44 ohad the Insei (level 3, 0/23 HPs)
             Began as an Octopode Transmuter on June 2, 2019.
             Slain by an orc wizard
             ... wielding a +0 dagger
              (1 damage)
             ... on level 1 of the Dungeon.
             The game lasted 00:05:26 (1627 turns).

ohad the Insei (Octopode Transmuter)                Turns: 1627, Time: 00:05:27

Health: 0/23       AC:  3    Str:  9    XL:     3   Next: 60%
Magic:  1/7        EV: 19    Int: 16    God:
Gold:   31         SH:  0    Dex: 17    Spells: 1/7 levels left

rFire    . . .     SeeInvis .     - Unarmed
rCold    . . .     Gourm    .   (shield currently unavailable)
rNeg     . . .     Faith    .   (helmet currently unavailable)
rPois    x         Spirit   .   (no amulet)
rElec    .         Reflect  .   d - -2 ring of slaying (curse)
rCorr    .         Harm     .   i - +1 ring of protection
MR       .....                  (no ring)
Stlth    ++........             (no ring)
HPRegen  0.07/turn              (no ring)
MPRegen  0.10/turn              (no ring)
                                (no ring)
                                (no ring)

@: spider-form (expiring), very slightly contaminated
A: tiny, almost no armour, stealthy swim, (amphibious), 8 rings, (constrict 8)
a: End Transformation


You were on level 1 of the Dungeon.
You were hungry.
You were a venomous arachnid creature.
You visited 1 branch of the dungeon, and saw 2 of its levels.

You collected 31 gold pieces.

Inventory:

Missiles
 a - 76 arrows
Jewellery
 d - a cursed -2 ring of slaying (left front leg)
 i - a +1 ring of protection (right front leg)
Scrolls
 e - a scroll of teleportation {unknown}
 g - a scroll of identify
Potions
 b - a potion of brilliance {unknown}
 f - a potion of curing {unknown}
Comestibles
 c - 2 rations
 h - a chunk of flesh


   Skills:
 - Level 1.0 Fighting
 - Level 2.0 Dodging
 - Level 1.6 Stealth
 - Level 3.0 Unarmed Combat
 + Level 2.8 Spellcasting
 + Level 2.8 Transmutations


You had one spell level left.
You knew the following spells:

 Your Spells              Type           Power        Failure   Level  Hunger
a - Beastly Appendage     Tmut           ##....       17%         1    #......
b - Sticks to Snakes      Tmut           ##......     22%         2    ##.....
c - Spider Form           Tmut/Pois      #.........   54%         3    ###....

Your spell library contained the following spells:

 Spells                   Type           Power        Failure   Level  Hunger
 Ice Form                 Ice/Tmut       #.......     87%         4    #####..
 Blade Hands              Tmut           ##........   95%         5    ######.


Dungeon Overview and Level Annotations

Branches:
Dungeon (2/15)

Altars:


Innate Abilities, Weirdness & Mutations

You cannot wear most types of armour.
You are very stealthy in the water. (Stealth+)
((You are amphibious.))
You can wear up to eight rings at the same time.
((You can use your tentacles to constrict eight enemies at once.))
((Your skin changes colour to match your surroundings (Stealth+).))
((Your rubbery body absorbs attacks. (AC +1, EV +1)))


Message History

Unknown command.
Unknown command.
Unknown command.
You hit the orc wizard but do no damage.
The orc wizard looks as sick as possible!
The orc wizard is moderately wounded.
The orc wizard hits you with a +0 dagger.
The orc misses you.
You hit the orc but do no damage.
The orc is poisoned.
Your transformation is almost over.
The orc wizard gestures at you while chanting.
The magic dart hits you.
* * * LOW HITPOINT WARNING * * *
The orc wizard casts a spell at you. The puff of frost misses you.
The orc hits you with a +0 dagger.
* * * LOW HITPOINT WARNING * * *
You barely miss the orc wizard.
The orc wizard is heavily wounded.
The orc wizard hits you with a +0 dagger.
You die...

#....#.........#.#.#########
#....######....)..........##
##....######.##.##..######.##
#................#.......#.##
#.....######.##..#.......#.##
#.##### ###.#...#.....#.#.#.
#...# #.....#.#.###.#.#.##
###.# #...o.#.#.###.#.#.## #.#
#..s................ #.####
#..o..#.#.###.#..... #.##.#
#.......#.........##
#.##.###....########.##..##
#####.##...............#.##..##
#)......(..........###.#.##..##
###.###.##.#######.###
#.#..#..## #.......##.#####
#.#####.......##
#........#.....#
#.#.....##.#.###


You could see an orc wizard and an orc.

Vanquished Creatures
  A worm (D:2)
  2 dart slugs
  4 goblins (D:1)
  5 hobgoblins
  A jackal (D:2)
  2 ball pythons (D:1)
  7 bats
  7 frilled lizards
  4 kobolds
  6 rats
39 creatures vanquished.

Notes
Turn   | Place    | Note
-------+----------+-------------------------------------------
     0 | D:1      | ohad the Octopode Transmuter began the quest for the Orb.
     0 | D:1      | Reached XP level 1. HP: 13/13 MP: 3/3
    52 | D:1      | Reached skill level 1 in Stealth
    90 | D:1      | Reached XP level 2. HP: 18/18 MP: 5/5
   105 | D:1      | Learned a level 2 spell: Sticks to Snakes
   793 | D:1      | Reached XP level 3. HP: 23/23 MP: 4/6
   798 | D:1      | Learned a level 3 spell: Spider Form
  1363 | D:2      | Noticed an orc warrior
  1626 | D:1      | HP: 1/23 [orc/+0 dagger (2)]
  1627 | D:1      | Slain by an orc wizard

Levels and vault maps discovered:
D:1:      zaba_arrival_water, layout_basic
D:2:      layout_rooms, overflow_temple_1_default

Skill      XL: |  1 |
---------------+----+-----
Stealth        | 1 |  1.6
Fighting       | |  1.0
Dodging        | |  2.0
Unarmed Combat | |  3.0
Spellcasting   | |  2.8
Transmutations | |  2.8

Action                   || total
-------------------------++-------
Melee: Unarmed           ||   106
       Constrict         ||    22
       Tentacles         ||    15
       Kick              ||     4
       Punch             ||     5
 Cast: Beastly Appendage ||     2
       Spider Form       ||     1
  Use: Scroll            ||     1
 Stab: Sleeping          ||     9
       Distracted        ||     1
  Eat: Chunk             ||     2
Armor: Skin              ||    22
Dodge: Dodged            ||    86

Table legend:
 A = Non-vault XP
 B = Vault XP
 C = Vault XP percentage of total XP
 D = Non-vault monster count
 E = Vault monster count
 F = Vault count percentage of total count
                 A         B        C        D         E       F
            +---------+---------+-------+---------+---------+-------
      Total |      63 |       0 |   0.0 |      39 |       0 |   0.0
            +---------+---------+-------+---------+---------+-------
        D:1 |      42 |       0 |   0.0 |      27 |       0 |   0.0
        D:2 |      21 |       0 |   0.0 |      12 |       0 |   0.0
            +---------+---------+-------+---------+---------+-------
